Map: Apotheosis LE

Players

Fropez - Winner!

  • Race: Protoss Protoss
  • League: Gold
  • Spawn Location: 11:00

Strnobull

  • Race: Protoss Protoss
  • League: Gold
  • Spawn Location: 5:00

VOD

Have the link to the VOD?

Description

Time

  • Played on: Nov. 4, 2016, 10:57 a.m.
  • Length: 9:38
Show
View Real Time Build Order
Export as new Build Order

Fropez Protoss - Winner!

Build Orders:  

Get SALT Encoding   

  12  0:00  Probe (Chrono Boost)  
  13  0:12  Probe (Chrono Boost)  
  14  0:18  Pylon  
  14  0:22  Probe (Chrono Boost)  
  15  0:30  Assimilator  
  15  0:36  Probe (Chrono Boost)  
  16  0:44  Gateway  
  17  0:50  Probe (Chrono Boost)  
  17  1:00  Probe (Chrono Boost)  
  18  1:11  Probe (Chrono Boost)  
  19  1:14  Assimilator  
  19  1:19  Gateway  
  19  1:21  Probe (Chrono Boost)  
  20  1:34  Cybernetics Core  
  20  1:37  Probe (Chrono Boost)  
  21  1:48  Probe (Chrono Boost)  
  22  2:09  Probe (Chrono Boost)  
  22  2:27  Warp Gate (Chrono Boost)  
  22  2:30  Pylon  
  22  2:35  Pylon  
  22  2:48  Stalker x2  
  22  2:49  Mothership Core (Chrono Boost)  
  28  3:07  Probe (Chrono Boost)  
  29  3:26  Stalker  
  31  3:29  Pylon  
  31  3:31  Pylon  
  31  3:39  Pylon  
  31  3:49  Probe (Chrono Boost), Stalker  
  34  3:59  Probe (Chrono Boost)  
  34  4:00  Stalker, Robotics Facility  
  34  4:01  Robotics Facility  
  37  4:29  Assimilator  
  37  4:31  Probe  
  38  4:40  Pylon  
  38  4:43  Probe  
  39  4:48  Immortal  
  43  4:55  Probe  
  43  4:58  Immortal  
  48  5:11  Probe  
  49  5:26  Nexus  
  49  5:27  Pylon  
  49  5:29  Probe  
  50  5:41  Probe  
  51  6:00  Pylon, Probe  
  52  6:06  Stalker x2  
  52  6:10  Warp Prism, Observer  
  59  6:12  Probe  
  60  6:25  Probe  
  61  6:50  Immortal x2  
  67  7:05  Pylon  
  57  7:15  Gateway  
  57  7:25  Gateway  
  57  7:26  Gateway  
  57  7:29  Stalker x2  
  61  7:30  Gateway  
  61  7:32  Gateway  
  61  7:39  Probe x2  
  61  7:40  Assimilator  
  61  7:43  Assimilator  
  63  7:53  Nexus  
  62  8:31  Adept x2  
  62  8:32  Adept x4  
  64  9:04  Stalker x5  
  64  9:05  Stalker x2  
Show
View Real Time Build Order
Export as new Build Order

Strnobull Protoss 

Build Orders: Cannon Rush 

Get SALT Encoding   

  12  0:01  Probe (Chrono Boost)  
  13  0:12  Probe (Chrono Boost)  
  14  0:20  Pylon  
  15  0:28  Probe (Chrono Boost)  
  15  0:38  Forge  
  15  0:41  Probe (Chrono Boost)  
  16  0:52  Probe (Chrono Boost)  
  17  1:07  Pylon  
  17  1:11  Probe (Chrono Boost)  
  18  1:21  Probe (Chrono Boost)  
  18  1:24  Photon Cannon  
  19  1:30  Photon Cannon  
  19  1:36  Photon Cannon  
  19  1:56  Probe (Chrono Boost)  
  19  1:59  Assimilator  
  20  2:10  Pylon  
  20  2:20  Pylon  
  20  2:27  Pylon  
  20  2:29  Pylon  
  20  2:30  Pylon  
  20  2:42  Photon Cannon  
  20  2:44  Photon Cannon  
  20  2:48  Photon Cannon  
  20  2:55  Pylon  
  20  3:12  Gateway  
  19  3:15  Gateway  
  19  3:51  Gateway  
  19  3:53  Pylon  
  19  3:55  Photon Cannon  
  19  3:56  Pylon  
  18  4:23  Nexus  
  18  4:24  Cybernetics Core  
  18  4:39  Protoss Ground Weapons Level 1 (Chrono Boost)  
  18  4:59  Assimilator  
  18  5:02  Mothership Core  
  20  5:17  Pylon  
  20  5:19  Pylon  
  20  5:28  Assimilator  
  20  5:30  Assimilator  
  20  5:31  Warp Gate  
  20  5:36  Adept  
  20  5:38  Adept  
  24  5:59  Photon Cannon  
  24  6:02  Photon Cannon  
  24  6:07  Stalker  
  26  6:23  Stalker  
  26  6:24  Stalker  
  30  6:27  Probe  
  31  6:41  Stalker  
  33  6:48  Probe  
  33  6:49  Probe  
  33  7:18  Pylon, Probe  
  33  7:19  Probe  
  33  7:20  Pylon  
  35  7:35  Probe  
  35  7:36  Probe, Protoss Ground Armor Level 1 (Chrono Boost)  
  37  7:51  Stalker  
  39  7:53  Sentry x2  
  43  8:04  Twilight Council  
  43  8:16  Stalker  
  43  8:17  Stalker  
  47  8:28  Photon Cannon  
  41  9:10  Dark Shrine  
  41  9:11  Stalker  
  41  9:12  Stalker  
  41  9:14  Stalker  
Tags
 
League
GoldGold
Matchup
PvP
Replay Pack
All Mines
Spawn Locations
Cross Positions
Add a new tag
Caveats
  • Supply blocks, unpowered buildings, or Contaminate may cause inaccurate times.
  • Supply counts are checked every 10 seconds.